 Dungeon Crawl Stone Soup version 0.30-a0-23-ge60ba3568b (webtiles) character file.

Game seed: 375734324248367400

9 AttackTheMoon the Sneak (level 2, -1/19 HPs)
             Began as a Kobold Delver on Aug 24, 2022.
             Was an Initiate of Makhleb.
             Slain by a worm (10 damage)
             ... on level 3 of the Dungeon.
             The game lasted 00:02:36 (544 turns).

AttackTheMoon the Sneak (Kobold Delver)              Turns: 544, Time: 00:02:36

Health: -1/19      AC:  3    Str:  9    XL:     2   Next: 25%
Magic:  2/2        EV: 14    Int: 11    God:    Makhleb [......]
Gold:   74         SH:  0    Dex: 16    Spells: 1/1 levels left

rFire   . . .      SeeInvis .    a - +0 short sword
rCold   . . .      Faith    .    (no shield)
rNeg    . . .      Spirit   .    b - +0 leather armour
rPois   .          Reflect  .    (no helmet)
rElec   .          Harm     .    (no cloak)
rCorr   .          Rampage  .    (no gloves)
Will    .....                    (no boots)
Stlth   ++........               (no amulet)
HPRegen 0.06/turn                (no ring)
MPRegen 0.08/turn                (no ring)

@: hasted, slow
A: small, no large weapons, nightstalker 3
a: Renounce Religion


You were on level 3 of the Dungeon.
You worshipped Makhleb.
Makhleb was noncommittal.
You visited 1 branch of the dungeon, and saw 3 of its levels.

You collected 74 gold pieces.

Inventory:

Hand Weapons
 a - a +0 short sword (weapon)
Armour
 b - a +0 leather armour (worn)
Wands
 g - a wand of digging (3)
Scrolls
 c - a scroll of fog
 d - a scroll of magic mapping
 e - a scroll of fear
 h - a scroll of identify {unknown}
 i - a scroll of vulnerability {unknown}


   Skills:
 + Level 3.4 Fighting
 + Level 3.0 Short Blades
 + Level 2.6 Dodging
 + Level 6.7 Stealth
 + Level 0.4 Invocations


You had one spell level left.
You didn't know any spells.
Your spell library contained the following spells:

 Spells                   Type           Power      Damage    Failure   Level
 Confusing Touch          Hex            0%         N/A       83%         3
 Portal Projectile        Hex/Tloc       0%         N/A       83%         3
 Tukima's Dance           Hex            0%         N/A       83%         3
 Blade Hands              Tmut           0%         N/A       100%        5
 Yara's Violent Unravell  Hex/Tmut       0%         3d3       100%        5
 Enfeeble                 Hex            0%         N/A       100%        7


Dungeon Overview and Level Annotations

Branches:
Dungeon (5/15)
 Temple: D:4-7

Altars:
Makhleb


Innate Abilities, Weirdness & Mutations

You are small and have problems with some larger weapons.
You are completely attuned to the shadows.


Message History

The worm bites you.
You hit the worm but do no damage.
The worm is lightly wounded.
You hit the worm but do no damage.
The worm is lightly wounded.
Your unstable footing causes you to fumble your attack.
The worm splashes around in the water.
Your unstable footing causes you to fumble your attack.
You barely miss the worm.
The worm is lightly wounded.
You hit the worm.
The worm is moderately wounded.
The worm misses you.
Your unstable footing causes you to fumble your attack.
You barely miss the worm.
The worm is moderately wounded.
Your unstable footing causes you to fumble your attack.
The worm barely misses you.
Your unstable footing causes you to fumble your attack.
Your unstable footing causes you to fumble your attack.
The worm barely misses you.
Your unstable footing causes you to fumble your attack.
You hit the worm.
The worm is lightly wounded.
You hit the worm but do no damage.
The worm is lightly wounded.
The worm misses you.
You hit the worm but do no damage.
The worm is lightly wounded.
You hit the worm but do no damage.
The worm is lightly wounded.
The worm splashes around in the water.
You barely miss the worm.
The worm is lightly wounded.
Your unstable footing causes you to fumble your attack.
You hit the worm.
The worm is moderately wounded.
The worm bites you!
Ouch! That really hurt!
You die...

#.# #.........# ####
#########.####### #
##~~~~~~~############
#.#######~#.........# #.#
~#~#########.### #.# ~#.#
#...# #~# ~#~### ###..
#~#####w#†#.##########.
####~..†@##~#............
#..########~##....#######
#.#.~~~~~~~##...#..#
#.###########.####..#
#.###................
#..........#######
#####......# #......#
#....<.#


You could see a worm.

Vanquished Creatures
  4 giant cockroaches (D:3)
  2 goblins (D:3)
  2 rats (D:3)
8 creatures vanquished.

Notes
Turn   | Place    | Note
-------+----------+-------------------------------------------
     0 | D:5      | AttackTheMoon the Kobold Delver began the quest for the
                  | Orb.
     0 | D:5      | Reached XP level 1. HP: 14/14 MP: 1/1
   178 | D:3      | Found a burning altar of Makhleb.
   183 | D:3      | Became a worshipper of Makhleb the Destroyer
   491 | D:3      | Reached XP level 2. HP: 12/19 MP: 2/2
   544 | D:3      | Slain by a worm

Illustrated notes

Levels and vault maps discovered:
D:3:      layout_rooms, mainiacjoe_overflow_alcove_2, gup_sewer_entry_spiral,
          serial_bayou_crossing
D:4:      layout_loops_ring, nicolae_ru_sacrificial_ziggurat,
          kennysheep_generic_room_9, uniq_duvessa
D:5:      layout_gridville, gammafunk_ghost_abyssal_escape, serial_shops,
          nicolae_shop_overgrown_old_shop

Skill      XL: |  1  2 |
---------------+-------+-----
Short Blades   | 3 |  3.0
Fighting       | |  3.4
Dodging        | |  2.6
Stealth        | |  6.7
Invocations    | |  0.4

Action                   || total
-------------------------++-------
Melee: Short sword       ||    73
  Use: Potion            ||     1
 Stab: Sleeping          ||     4
Armor: Leather armour    ||    12
Dodge: Dodged            ||    23

Table legend: (Time is in decaauts)
 A = Elapsed time spent in this place.
 B = Non-inter-level travel time spent in this place.
 C = Inter-level travel time spent in this place.
 D = Time resting spent in this place.
 E = Time spent auto-exploring this place.
 F = Levels seen in this place.
 G = Mean time per level.
                   A        B        C        D        E       F      G
               +--------+--------+--------+--------+--------+-----+--------+
         Total |    549 |    549 |      0 |      0 |    175 |   3 |  183.0 |
       Dungeon |    549 |    549 |      0 |      0 |    175 |   3 |  183.0 |
               +--------+--------+--------+--------+--------+-----+--------+

Top non-repeatable levels by time:
     D:3: 520 daAuts
     D:4: 20 daAuts
     D:5: 9 daAuts
